 Dungeon Crawl Stone Soup version 0.23-a0-703-gdf2d5e0 (webtiles) character file.

87 jjfam the Chopper (level 4, 0/40 HPs)
             Began as a Hill Orc Fighter on Jan 13, 2019.
             Slain by Sigmund
             ... wielding a +0 scythe
              (4 damage)
             ... on level 2 of the Dungeon on May 26, 2019.
             The game lasted 00:02:43 (1367 turns).

jjfam the Chopper (Hill Orc Fighter)                Turns: 1367, Time: 00:02:44

Health: 0/40       AC:  7    Str: 17 (19) XL:     4   Next: 51%
Magic:  4/4        EV:  7    Int:  7 (8)  God:
Gold:   93         SH:  9    Dex:  9 (10) Spells: 3/3 levels left

rFire    . . .     SeeInvis .   a - +0 war axe
rCold    . . .     Gourm    +   c - +0 shield
rNeg     . . .     Faith    .   b - +0 scale mail
rPois    .         Spirit   .   (no helmet)
rElec    .         Reflect  .   (no cloak)
rCorr    .         Harm     .   (no gloves)
MR       .....                  (no boots)
Stlth    ..........             i - amulet of the gourmand
HPRegen  0.13/turn              k - ring of attention (curse)
MPRegen  0.09/turn              (no ring)

@: no status effects
A: no striking features
a: no special abilities


You were on level 2 of the Dungeon.
You were not hungry.

You visited 1 branch of the dungeon, and saw 2 of its levels.

You collected 93 gold pieces.

Inventory:

Hand Weapons
 a - a +0 war axe (weapon)
Armour
 b - a +0 scale mail (worn)
 c - a +0 shield (worn)
Jewellery
 g - an uncursed amulet of rage
 i - an amulet of the gourmand (around neck)
 k - a cursed ring of attention (left hand)
Scrolls
 e - 2 scrolls of remove curse {unknown}
 l - a scroll of blinking {unknown}
 m - a scroll of identify {unknown}
 n - a scroll of enchant weapon {unknown}
 p - a scroll of teleportation {unknown}
 r - a scroll of noise {unknown}
Potions
 d - 6 potions of might
 h - 2 potions of magic {unknown}
 j - a potion of flight {unknown}
 o - a potion of berserk rage {unknown}
 q - a potion of brilliance {unknown}
Comestibles
 f - 4 rations


   Skills:
 + Level 4.0 Fighting
 + Level 4.2 Axes
 + Level 3.8 Armour
 + Level 0.8 Dodging
 + Level 3.9 Shields


You had 3 spell levels left.
You didn't know any spells.
Your spell library was empty.

Dungeon Overview and Level Annotations

Branches:
Dungeon (2/15)

Altars:
Qazlal

Annotations:
D:2 Sigmund


Message History

You are too injured to fight recklessly!
You are too injured to fight recklessly!
You are too injured to fight recklessly!
You are too injured to fight recklessly!
You are too injured to fight recklessly!
You are too injured to fight recklessly!
You are too injured to fight recklessly!
You slash Sigmund!
Sigmund is moderately wounded.
Sigmund hits you with a +0 scythe!
* * * LOW HITPOINT WARNING * * *
You slash Sigmund!
Sigmund is severely wounded.
Sigmund gestures at you while chanting. The magic dart hits you!
* * * LOW HITPOINT WARNING * * *
You closely miss Sigmund.
Sigmund is severely wounded.
Sigmund hits you with a +0 scythe.
You die...

##........##
#....>.....###
#............#
#.........)#.####
#..........#....###
#........^.####...#
##........#######..
#####................
#..@@..#.############
#........# ####
#........... .....
#######.#### #####
#.# # #.# # .# # #
####


You could see Sigmund.

Vanquished Creatures
  4 gnolls (D:2)
  2 worms (D:2)
  A dart slug (D:1)
  A leopard gecko (D:1)
  A ball python (D:2)
  7 bats
  4 giant cockroaches
  4 goblins
  5 hobgoblins
  3 jackals (D:1)
  A frilled lizard (D:2)
  4 kobolds
  A rat (D:1)
38 creatures vanquished.

Notes
Turn   | Place    | Note
-------+----------+-------------------------------------------
     0 | D:1      | jjfam the Hill Orc Fighter began the quest for the Orb.
     0 | D:1      | Reached XP level 1. HP: 19/19 MP: 1/1
    87 | D:1      | Reached XP level 2. HP: 23/27 MP: 2/2
   666 | D:1      | Reached XP level 3. HP: 33/33 MP: 3/3
   954 | D:2      | Reached XP level 4. HP: 37/40 MP: 4/4
  1056 | D:2      | Found a stormy altar of Qazlal.
  1357 | D:2      | Noticed Sigmund
  1367 | D:2      | Slain by Sigmund

Vault maps used:
D:1:      nicolae_arrival_memento_mori
D:2:      grunt_qazlal_clouds, chequers_decorated_corner, uniq_sigmund,
          uniq_jessica

Skill      XL: |  1  2  3  4 |
---------------+-------------+-----
Axes           | 3 4 |  4.2
Fighting       | 4 |  4.0
Armour         | |  3.8
Dodging        | |  0.8
Shields        | |  3.9

Action                   |  1- 3 |  4- 6 || total
-------------------------+-------+-------++-------
Melee: War axe           |    68 |    64 ||   132
  Use: Potion            |       |     1 ||     1
  Eat: Chunk             |       |     2 ||     2
Armor: Scale mail        |    40 |    30 ||    70
Dodge: Dodged            |    25 |    14 ||    39
Block: Shield            |    35 |    27 ||    62

Table legend:
 A = Non-vault XP
 B = Vault XP
 C = Vault XP percentage of total XP
 D = Non-vault monster count
 E = Vault monster count
 F = Vault count percentage of total count
                 A         B        C        D         E       F
            +---------+---------+-------+---------+---------+-------
      Total |     125 |       0 |   0.0 |      38 |       0 |   0.0
            +---------+---------+-------+---------+---------+-------
        D:1 |      36 |       0 |   0.0 |      19 |       0 |   0.0
        D:2 |      89 |       0 |   0.0 |      19 |       0 |   0.0
            +---------+---------+-------+---------+---------+-------
